 Dungeon Crawl Stone Soup version 0.27-a0-1548-gf8a67e7463 (webtiles) character file.

Game seed: 7664440785380403688

107 ezpacito the Chopper (level 4, -1/52 HPs)
             Began as a Demonspawn Berserker on July 14, 2021.
             Was a Believer of Trog.
             Slain by a killer bee zombie (6 damage)
             ... on level 3 of the Dungeon.
             The game lasted 00:04:27 (3727 turns).

ezpacito the Chopper (Demonspawn Berserker)         Turns: 3727, Time: 00:04:27

Health: -1/52      AC:  5    Str: 17    XL:     4   Next: 57%
Magic:  4/4        EV: 11    Int:  9    God:    Trog [**....]
Gold:   56         SH:  4    Dex: 13    Spells: 3/3 levels left

rFire    . . .     SeeInvis .   a - +0 hand axe
rCold    . . .     Faith    .   (no shield)
rNeg     + . .     Spirit   .   l - +0 ring mail
rPois    .         Reflect  .   (no helmet)
rElec    .         Harm     .   (no cloak)
rCorr    .         Rampage  .   (no gloves)
Will     .....                  (no boots)
Stlth    ..........             (no amulet)
HPRegen  0.17/turn              i - ring of positive energy
MPRegen  0.09/turn              (no ring)

@: berserking, very quick
A: large bone plates 1
a: Renounce Religion, Berserk, Trog's Hand


You were on level 3 of the Dungeon.
You worshipped Trog.
Trog was pleased with you.
You visited 1 branch of the dungeon, and saw 3 of its levels.

You collected 56 gold pieces.

Inventory:

Hand Weapons
 a - a +0 hand axe (weapon)
 g - a +2 vampiric dagger
Missiles
 f - 22 poisoned darts (quivered)
Armour
 l - a +0 ring mail (worn)
Jewellery
 i - a ring of positive energy (left hand)
 j - a ring of see invisible
Scrolls
 d - a scroll of identify
Potions
 h - a potion of attraction
 k - a potion of lignification


   Skills:
 + Level 3.4 Fighting
 + Level 3.7 Axes
 + Level 2.4 Armour
 + Level 2.3 Dodging
 + Level 1.0 Stealth


You had 3 spell levels left.
You didn't know any spells.
Your spell library was empty.

Dungeon Overview and Level Annotations

Branches:
Dungeon (3/15)

Altars:


Innate Abilities, Weirdness & Mutations

You are partially covered in large bone plates. (SH +4)


Message History

You hit the killer bee zombie.
The killer bee zombie is lightly damaged.
The killer bee zombie barely misses you.
You block the killer bee zombie's attack.
You hit the killer bee zombie but do no damage.
The killer bee zombie is lightly damaged.
The killer bee zombie hits you. The killer bee zombie misses you.
You hit the killer bee zombie.
The killer bee zombie is moderately damaged.
The killer bee zombie hits you.
The killer bee zombie hits you but does no damage.
You closely miss the killer bee zombie.
The killer bee zombie is moderately damaged.
The killer bee zombie hits you but does no damage. x2
You hit the killer bee zombie.
The killer bee zombie is heavily damaged.
The killer bee zombie hits you but does no damage.
The killer bee zombie hits you.
You barely miss the killer bee zombie.
The killer bee zombie is heavily damaged.
The killer bee zombie hits you. x2
* * * LOW HITPOINT WARNING * * *
You barely miss the killer bee zombie.
The killer bee zombie is heavily damaged.
The killer bee zombie hits you but does no damage.
The killer bee zombie barely misses you.
Okay, then.
You slash the killer bee zombie!
The killer bee zombie is almost destroyed.
The killer bee zombie hits you.
* * * LOW HITPOINT WARNING * * *
The killer bee zombie hits you.
* * * LOW HITPOINT WARNING * * *
Okay, then.
A red film seems to cover your vision as you go berserk!
You feel yourself moving faster!
You feel mighty! The killer bee zombie hits you.
* * * LOW HITPOINT WARNING * * *
The killer bee zombie hits you.
You die...

.# #....#..........#
.# #...............#
.# #..>...........##
.####........#.###.#
.##.......#.##)#.#.#
.##.#.#...#......#.#
.##.......#..#.#.#.#
......#......#.....#
####..#####.##..@#.#
#.............Z....#
#.###...#.......<..#
#.# ..............#
.# ..#.........[..
.# ....#....#.#....
.# ....#.#.##.#....
.. .... .# ...


You could see a killer bee zombie.

Vanquished Creatures
  4 adders
  3 dart slugs (D:1)
  An orc (D:3)
  7 endoplasms
  6 giant cockroaches
  4 goblins
  4 hobgoblins
  10 jackals
  2 kobolds (D:2)
  A quokka (D:1)
  6 ball pythons
  5 bats
  3 frilled lizards
  4 rats
60 creatures vanquished.

Notes
Turn   | Place    | Note
-------+----------+-------------------------------------------
     0 | D:1      | ezpacito the Demonspawn Berserker began the quest for the
                  | Orb.
     0 | D:1      | Reached XP level 1. HP: 18/18 MP: 1/1
   485 | D:1      | Gained mutation: You are partially covered in large bone
                  | plates. (SH +4) [demonic ancestry]
   485 | D:1      | Reached XP level 2. HP: 18/24 MP: 2/2
   876 | D:1      | Reached ** piety under Trog
   997 | D:1      | Reached XP level 3. HP: 29/29 MP: 3/3
  2212 | D:2      | Reached XP level 4. HP: 30/35 MP: 4/4
  3344 | D:3      | Reached skill level 1 in Stealth
  3727 | D:3      | Slain by a killer bee zombie

Illustrated notes

Levels and vault maps discovered:
D:1:      dpeg_arrival_tiny_j, layout_basic, kennysheep_doodads
D:2:      layout_basic, ebering_dispersal_statue_hall
D:3:      layout_basic, basic_ecumenical_altar

Skill      XL: |  1  2  3  4 |
---------------+-------------+-----
Armour         | 2 |  2.4
Axes           | 3 |  3.7
Dodging        | 2 |  2.3
Stealth        | 1 |  1.0
Fighting       | |  3.4

Action                   |  1- 3 |  4- 6 || total
-------------------------+-------+-------++-------
Melee: Hand axe          |   118 |    95 ||   213
Invok: Berserk           |       |     1 ||     1
  Use: Scroll            |     4 |     3 ||     7
       Potion            |     1 |       ||     1
Armor: Animal skin       |    33 |    10 ||    43
       Ring mail         |       |    13 ||    13
Dodge: Dodged            |    85 |    58 ||   143
Block: Other             |    25 |    14 ||    39

Table legend: (Time is in decaauts)
 A = Elapsed time spent in this place.
 B = Non-inter-level travel time spent in this place.
 C = Inter-level travel time spent in this place.
 D = Time resting spent in this place.
 E = Time spent auto-exploring this place.
 F = Levels seen in this place.
 G = Mean time per level.
                   A        B        C        D        E       F      G
               +--------+--------+--------+--------+--------+-----+--------+
         Total |   3752 |   3705 |     47 |    901 |   2247 |   3 | 1250.7 |
       Dungeon |   3752 |   3705 |     47 |    901 |   2247 |   3 | 1250.7 |
               +--------+--------+--------+--------+--------+-----+--------+

Top non-repeatable levels by time:
     D:2: 1877 daAuts
     D:1: 1484 daAuts
     D:3: 391 daAuts
